 Dungeon Crawl Stone Soup version 0.21-a0-442-g848f44b (console) character file.

90456 hexaflexagon the Lord of Darkness (level 16, -8/101 HPs)
             Began as a Tengu Summoner on Nov 12, 2017.
             Was the Champion of Kikubaaqudgha.
             Shot with an arrow by a deep elf archer (24 damage)
             ... on level 2 of the Elven Halls.
             The game lasted 02:09:02 (41044 turns).

hexaflexagon the Lord of Darkness (Tengu Summoner) Turns: 41044, Time: 02:09:02

Health: -8/101     AC:  9    Str: 10    XL:     16   Next: 0%
Magic:  11/30      EV: 25    Int: 23    God:    Kikubaaqudgha [******]
Gold:   2091       SH:  5    Dex: 16    Spells: 4/34 levels left

rFire    + . .     SeeInvis .   a - +2 dagger (pain)
rCold    + . .     Gourm    .   y - +0 buckler
rNeg     . . .     Faith    .   T - +2 robe {rC+ rF+}
rPois    .         Spirit   .   m - +2 hat
rElec    .         Reflect  .   v - +0 cloak
rCorr    .         Harm     .   H - +1 pair of gloves
MR       +++..                  (boots unavailable)
Stlth    ++........             E - amulet of magic regeneration
HPRegen  0.26/turn              l - ring of wizardry
MPRegen  0.47/turn              Y - ring of the Mage {Wiz MR++ Int+3, =R}

@: flying quickly and evasively, quick
A: beak, talons 3, able to fly 2
a: Stop Flying, Receive Corpses, Torment, Renounce Religion


You were on level 2 of the Elven Halls.
You worshipped Kikubaaqudgha.
Kikubaaqudgha was exalted by your worship.
You were hungry.

You visited 7 branches of the dungeon, and saw 29 of its levels.
You also visited: Labyrinth and Ice Cave.

You collected 2473 gold pieces.
You spent 382 gold pieces at shops.

Inventory:

Hand Weapons
 a - a +2 dagger of pain (weapon)
 b - a +3 short sword of speed
Missiles
 e - 755 stones (quivered)
Armour
 m - a +2 hat (worn)
 v - a +0 cloak (worn)
 y - a +0 buckler (worn)
 H - a +1 pair of gloves (worn)
 N - a +3 leather armour of poison resistance
 T - a +2 robe of resistance (worn)
Magical Staves
 w - an uncursed staff of cold
Jewellery
 i - the ring "Uraren" {+Inv rC+ Int-3 Dex+5}
   (You bought it in a shop on level 2 of the Orcish Mines)

   [ring of intelligence]

   It affects your intelligence (-3).
   It affects your dexterity (+5).
   It protects you from cold.
   It lets you turn invisible.
 l - a ring of wizardry (left hand)
 p - an uncursed ring of fire
 z - an uncursed ring of poison resistance
 E - an amulet of magic regeneration (around neck)
 K - an uncursed ring of protection from cold
 Y - the ring of the Mage (right hand) {Wiz MR++ Int+3, =R}
   (You found it on level 9 of the Dungeon)

   [ring of wizardry]

   It improves your spell success rate.
   It affects your intelligence (+3).
   It affects your resistance to hostile enchantments.
 Z - a +4 ring of strength
Wands
 d - a wand of confusion (19/48)
 s - a wand of lightning (5/15)
 x - a wand of flame (15/48)
 A - a wand of random effects (20/48)
 P - a wand of polymorph (20/24)
 S - a wand of iceblast (12/15)
 V - a wand of random effects (10/48)
 W - a wand of confusion (39/48)
Scrolls
 f - 4 scrolls of identify
 j - 4 scrolls of amnesia
 k - a scroll of blinking
 n - 12 scrolls of teleportation
 q - 11 scrolls of remove curse
 C - 4 scrolls of fog
 D - 6 scrolls of enchant armour
 F - a scroll of enchant weapon
 G - 4 scrolls of recharging
 J - 5 scrolls of fear
 Q - 2 scrolls of vulnerability
Potions
 g - 2 potions of cancellation
 o - 4 potions of curing
 r - 4 potions of berserk rage
 t - 3 potions of ambrosia
 u - 5 potions of invisibility
 I - 4 potions of lignification
 L - 2 potions of agility {!q}
 M - 5 potions of brilliance
 O - 5 potions of mutation
 R - 6 potions of haste
 U - 3 potions of might
Miscellaneous
 h - a sack of spiders
 X - a phial of floods
Comestibles
 c - 11 bread rations
 B - 3 meat rations


   Skills:
 - Level 12.0 Fighting
 - Level 10.0 Short Blades
 - Level 12.0 Dodging
 - Level 3.0 Stealth
 + Level 3.7 Shields
 + Level 9.8 Spellcasting
 - Level 12.0 Summonings
 + Level 14.2 Necromancy
 - Level 7.0 Ice Magic
 - Level 5.0 Air Magic


You had 4 spell levels left.
You knew the following spells:

 Your Spells              Type           Power        Failure   Level  Hunger
a - Animate Dead          Necr           N/A          1%          4    ##.....
b - Summon Ice Beast      Ice/Summ       ######..     1%          4    ##.....
c - Call Canine Familiar  Summ           ######..     1%          3    None
i - Call Imp              Summ           ######..     1%          2    None
l - Summon Lightning Spi  Summ/Air       ######..     1%          4    ##.....
H - Haunt                 Necr/Summ      ######....   6%          7    #######
S - Simulacrum            Ice/Necr       ######....   3%          6    ######.


Dungeon Overview and Level Annotations

Branches:
Dungeon (15/15)            Temple (1/1) D:6            Lair (6/6) D:8
  Swamp (2/4) Lair:3       Spider (1/4) Lair:4        Slime (0/5) Lair:5
    Orc (2/2) D:10            Elf (2/3) Orc:2        Vaults (0/5) D:14
 Depths (0/5) D:15

Altars:
Ashenzari
Cheibriados
Dithmenos
Elyvilon
Fedhas
Gozag
Hepliaklqana
Kikubaaqudgha
Makhleb
Nemelex Xobeh
Okawaru
Qazlal
Ru
Sif Muna
Trog
Uskayaw
Vehumet
Wu Jian
Xom
Yredelemnul
Zin
The Shining One

Shops:
D:13 *   Orc:2 (:(*   Elf:1 (   Swamp:1 *

Portals:
Hell: Lair:6
Trove: D:15 (give 8 potions of agility)

Annotations:
Lair:2 KristoblXynda's ghost, journeyman DrBe


Innate Abilities, Weirdness & Mutations

You have a beak for a mouth.
You have claws for feet.
You can fly continuously.


Message History

* * * LOW HITPOINT WARNING * * *
You hear a twanging sound.
An arrow appears from out of your range of vision.
The arrow hits your lightning spire!
The deep elf mage moves out of view.
A deep elf archer comes into view. It is wielding a short sword.
Casting: Summon Ice Beast
Confirm with . or Enter, or press ? or * to list all spells.
Aiming: Haunt
Press: ? - help, Dir - move target cursor, f - deep elf archer
Aim: a deep elf archer, wielding a shortbow and wearing a leather armour (repelling missiles) Insubstantial figures form in the air.
You are feeling hungry.
You hear a twanging sound.
An arrow appears from out of your range of vision.
The arrow hits your lightning spire!
The deep elf archer shoots an arrow.
The arrow barely misses your shadow wraith.
The arrow completely misses your ice beast.
The arrow hits you!!
You die...
Kikubaaqudgha rasps: "You have failed me!
Welcome... death!"

.....# ..W.. ...e ..e
eW '# ####'##
##.hY8.## ##..@Y...+#
##.....)...##
#.....).....#
#...........# e..
#...........+ ...
#.....<...).# ...
#......."...# #..
###........)## ####
...#+.......#'###.###


You could see 2 deep elf archers, a friendly shadow wraith (invisible), a
friendly freezing wraith, 2 friendly ice beasts, a friendly wolf and a friendly
lightning spire.

Vanquished Creatures
  Frances (D:11)
  An orc warlord (Elf:1)
  Fannar (D:10)
  An ice dragon (D:14)
  2 centaur warriors
  An alligator (Swamp:1)
  Erica (D:11)
  2 dancing weapons
  3 two-headed ogres
  A deep elf knight (Elf:1)
  Nergalle (D:12)
  An unseen horror (D:14)
  A necromancer (D:14)
  5 orc knights (Elf:1)
  7 ugly things (D:15)
  3 cyclopes
  10 deep elf magi
  An orc sorcerer (Orc:1)
  14 elephants
  A manticore (D:11)
  A centaur zombie (D:13)
  2 ice statues (IceCv)
  8 spiny frogs
  An orange demon (Lair:6)
  2 yaktaur zombies (D:15)
  6 komodo dragons
  5 centaur skeletons
  A rime drake (Lair:1)
  An ice devil (Lair:6)
  A tengu conjurer (D:14)
  5 trolls
  A jumping spider (Spider:1)
  3 polar bears (D:14)
  2 hornets (Swamp:1)
  5 hippogriffs
  A bog body (Swamp:1)
  4 blink frogs
  3 dream sheep (Lair:6)
  An air elemental (Elf:1)
  2 redbacks (Spider:1)
  2 shadows
  4 wyverns
  A tarantella (Lair:4)
  A spriggan (Swamp:1)
  Eustachio (D:4)
  A basilisk (D:15)
  15 yaks
  A fire elemental (Elf:1)
  4 hogs (D:7)
  Grum (D:11)
  A steam dragon (Lair:4)
  Edmund (D:5)
  6 swamp worms (Swamp:1)
  A vampire mosquito (Swamp:1)
  2 wargs
  2 insubstantial wisps (Lair:4)
  A soldier ant (D:11)
  A hell hound (Lair:6)
  9 water moccasins
  4 porcupines
  19 orc warriors
  Duvessa (D:7)
  3 ice beasts
  2 necrophages
  3 sky beasts
  8 ogres
  16 centaurs
  8 wolves
  10 crocodiles
  Blork the orc (D:5)
  A big kobold (D:10)
  12 bullfrogs
  2 scorpions
  8 killer bees
  2 howler monkeys (D:7)
  5 crimson imps
  5 bullfrog zombies
  4 hounds
  4 jellies
  24 orc priests
  A bullfrog skeleton (D:7)
  7 worker ants
  5 iguanas
  19 orc wizards
  A killer bee zombie (D:8)
  3 hound skeletons
  Robin (D:3)
  3 gnolls (D:8)
  12 adders
  8 shadow imps
  2 oozes
  An adder skeleton (D:7)
  4 worms
  A dart slug (D:1)
  5 leopard geckos
  49 orcs
  4 ball pythons
  5 giant cockroaches
  11 goblins
  8 hobgoblins
  6 jackals
  5 quokkas
  5 bats
  A frilled lizard (D:5)
  13 kobolds
  2 leopard gecko zombies (D:5)
  7 rats
499 creatures vanquished.

Vanquished Creatures (collateral kills)
  Gastronok (D:8)
  A deep elf sorcerer (Elf:1)
  An orc warlord (Orc:1)
  A stone giant (Orc:1)
  Harold (D:11)
  A minotaur (Lab)
  10 hydras
  An anaconda (Lair:4)
  8 vault guards (D:14)
  7 two-headed ogres
  4 alligators (Swamp:1)
  A catoblepas (Lair:6)
  2 dancing weapons
  The ghost of EnegeticOcto the Cruncher, a novice DsGl of Uskayaw (D:9)
  4 orc high priests (Orc:2)
  A deep elf knight (Elf:1)
  Sonja (Lair:2)
  A skeletal warrior (D:15)
  An unseen horror (D:13)
  A deep elf archer (Elf:1)
  2 wizards
  6 deep elf magi (Elf:1)
  An orc knight (Orc:1)
  The ghost of kae the Destroyer, a novice TeFE of Vehumet (D:7)
  6 ugly things
  2 orc sorcerers
  16 elephants
  Psyche (D:8)
  4 black mambas
  7 spiny frogs
  2 orange demons (Lair:6)
  A gargoyle (D:14)
  A kobold demonologist (D:14)
  2 centaur skeletons
  5 komodo dragons
  An ice devil (Lair:6)
  The ghost of darxusza the Chopper, an amateur MiMo (D:4)
  3 hornets
  4 trolls
  Prince Ribbit (D:9)
  3 slime creatures (Swamp:1)
  The ghost of Ratty the Firebug, an amateur GnFE (D:3)
  4 blink frogs
  3 hippogriffs
  9 dream sheep (Lair:6)
  3 spriggans (Swamp:1)
  3 shadows
  A wyvern (Lair:6)
  A human (D:7)
  A basilisk (D:8)
  13 yaks
  3 fire elementals (Elf:1)
  Menkaure (D:4)
  7 vampire mosquitoes
  A warg (Orc:1)
  2 insubstantial wisps (Lair:4)
  6 water moccasins
  5 porcupines
  2 hell hounds (Lair:6)
  Purgy (D:4)
  7 ice beasts
  3 phantoms
  2 swamp drakes (Swamp:1)
  15 orc warriors
  An eye of draining (D:9)
  4 ogres
  A boggart (Elf:1)
  A centaur (D:10)
  7 wolves
  5 crocodiles
  A big kobold (D:10)
  A bullfrog (D:15)
  Dowan (D:7)
  6 killer bees
  2 howler monkeys
  An electric eel (Lair:5)
  A crimson imp (D:11)
  A quasit (D:11)
  4 hounds
  Crazy Yiuf (D:5)
  17 orc priests
  An iguana (D:11)
  4 worker ants
  14 orc wizards
  A howler monkey zombie (D:7)
  A gnoll (D:8)
  5 adders
  A shadow imp (D:14)
  A dart slug (D:2)
  A leopard gecko (D:4)
  25 orcs
  A giant cockroach (D:7)
  5 goblins
  4 hobgoblins
  4 kobolds
  3 quokkas
  A frilled lizard (D:2)
  A rat (D:1)
  4 fungi
  A plant (Lair:6)
346 creatures vanquished.

Vanquished Creatures (others)
  A wizard (Elf:1)
  A fire dragon skeleton (D:15)
  13 fungi
  13 plants
  A withered plant (D:15)
29 creatures vanquished.

Grand Total: 874 creatures vanquished

Notes
Turn   | Place    | Note
-------+----------+-------------------------------------------
     0 | D:1      | hexaflexagon the Tengu Summoner began the quest for the Orb.
     0 | D:1      | Reached XP level 1. HP: 10/10 MP: 4/4
   195 | D:1      | Reached skill level 5 in Summonings
   205 | D:1      | Reached XP level 2. HP: 12/15 MP: 3/6
   687 | D:2      | Reached XP level 3. HP: 16/19 MP: 7/7
   880 | D:2      | Learned a level 3 spell: Call Canine Familiar
  1292 | D:2      | Found a faded altar of an unknown god.
  1500 | D:2      | Reached XP level 4. HP: 10/24 MP: 4/9
  1870 | D:3      | Reached skill level 1 in Short Blades
  1888 | D:3      | Noticed Ratty's ghost (amateur GnFE)
  2043 | D:4      | Learned a level 4 spell: Summon Lightning Spire
  2070 | D:4      | Reached skill level 1 in Air Magic
  2177 | D:4      | Noticed Eustachio
  2209 | D:4      | Noticed darxusza's ghost (amateur MiMo)
  2406 | D:4      | Gained mutation: You can fly. [Tengu growth]
  2406 | D:4      | Reached XP level 5. HP: 22/28 MP: 8/10
  2711 | D:4      | Noticed Menkaure
  2772 | D:4      | Learned a level 2 spell: Call Imp
  3241 | D:4      | Killed Menkaure
  3241 | D:4      | Reached XP level 6. HP: 32/32 MP: 3/11
  3536 | D:4      | Noticed Purgy
  3576 | D:4      | Killed darxusza's ghost
  3667 | D:4      | Killed Purgy
  3842 | D:3      | Noticed Robin
  3874 | D:3      | Killed Robin
  3875 | D:3      | Reached XP level 7. HP: 30/37 MP: 12/12
  3889 | D:3      | Reached skill level 1 in Fighting
  4289 | D:3      | Killed Ratty's ghost
  5175 | D:5      | Entered Level 5 of the Dungeon
  5489 | D:5      | Noticed Blork the orc
  5596 | D:5      | Noticed a two-headed ogre
  5760 | D:5      | Noticed Edmund
  6244 | D:6      | Found a staircase to the Ecumenical Temple.
  6342 | D:6      | Reached XP level 8. HP: 40/45 MP: 14/14
  6428 | D:6      | Reached skill level 5 in Short Blades
  6879 | Temple   | Entered the Ecumenical Temple
  6991 | Temple   | Became a worshipper of Kikubaaqudgha
  7309 | D:7      | Noticed Prince Ribbit
  7627 | D:7      | Reached XP level 9. HP: 36/52 MP: 13/16
  7657 | D:7      | Reached skill level 5 in Dodging
  7892 | D:7      | Noticed kae's ghost (novice TeFE)
  7992 | D:7      | Killed kae's ghost
  7992 | D:7      | Reached * piety under Kikubaaqudgha
  7992 | D:7      | Identified Kikubaaqudgha's Papyrus of Evil Secrets (Kikubaaqudgha gifted it to you on level 7 of the Dungeon)
  7992 | D:7      | Received a gift from Kikubaaqudgha
  7992 | D:7      | Reached skill level 5 in Fighting
  7992 | D:7      | Reached skill level 5 in Spellcasting
  8109 | D:7      | Noticed Duvessa
  8130 | D:7      | Killed Duvessa
  8133 | D:7      | Noticed Dowan
  8147 | D:7      | Killed Dowan
  8976 | D:8      | Reached skill level 1 in Necromancy
  9029 | D:8      | Noticed Gastronok
  9078 | D:8      | Found a staircase to the Lair.
  9078 | D:8      | Noticed an elephant
  9108 | D:8      | Killed an elephant
  9108 | D:8      | Reached skill level 2 in Necromancy
  9110 | D:8      | Reached ** piety under Kikubaaqudgha
  9126 | D:8      | Noticed Psyche
  9419 | D:8      | Reached XP level 10. HP: 43/63 MP: 19/19
  9669 | D:7      | Reached skill level 3 in Necromancy
  9837 | D:8      | Noticed a two-headed ogre
  9846 | D:8      | Killed a two-headed ogre
  9846 | D:8      | Reached skill level 4 in Necromancy
 10181 | D:8      | Noticed a two-headed ogre
 10202 | D:8      | Killed a two-headed ogre
 10492 | D:5      | Killed Blork the orc
 10492 | D:5      | Reached skill level 5 in Necromancy
 10542 | D:5      | Killed a two-headed ogre
 10679 | D:5      | Found a runed door.
 10721 | D:5      | Noticed Crazy Yiuf
 10779 | D:5      | Killed Crazy Yiuf
 10958 | D:4      | Killed Eustachio
 11075 | D:5      | Killed Edmund
 12032 | D:9      | Killed Prince Ribbit
 12097 | D:9      | Reached skill level 6 in Necromancy
 12104 | D:9      | Noticed EnegeticOcto's ghost (novice DsGl)
 12157 | D:9      | Reached skill level 5 in Air Magic
 12192 | D:9      | Reached *** piety under Kikubaaqudgha
 12192 | D:9      | Identified Kikubaaqudgha's Catalogue of Stolen Souls (Kikubaaqudgha gifted it to you on level 9 of the Dungeon)
 12192 | D:9      | Received a gift from Kikubaaqudgha
 12230 | D:9      | Killed EnegeticOcto's ghost
 12351 | D:9      | Found the ring of the Mage {Wiz MR++ Int+3}
 12473 | D:9      | Found a stormy altar of Qazlal.
 12612 | D:9      | Reached XP level 11. HP: 34/71 MP: 21/21
 12798 | D:9      | Learned a level 4 spell: Animate Dead
 12862 | D:10     | Entered Level 10 of the Dungeon
 13030 | D:10     | Noticed a two-headed ogre
 13062 | D:10     | Noticed a two-headed ogre
 13080 | D:10     | Killed a two-headed ogre
 13080 | D:10     | Reached skill level 7 in Necromancy
 13090 | D:10     | Killed a two-headed ogre
 13165 | D:10     | Noticed a two-headed ogre
 13313 | D:10     | Noticed Fannar
 13597 | D:8      | Killed Psyche
 13637 | D:8      | Found a staircase to the Lair.
 13927 | D:8      | Killed Gastronok
 14345 | D:10     | Killed a two-headed ogre
 14690 | D:10     | Noticed a green ugly thing
 14716 | D:10     | Killed a green ugly thing
 14758 | D:10     | Reached skill level 10 in Summonings
 14758 | D:10     | Reached skill level 8 in Necromancy
 14963 | D:10     | Killed Fannar
 15180 | D:10     | Found a staircase to the Orcish Mines.
 15534 | D:8      | Learned a level 4 spell: Summon Ice Beast
 15780 | Lair:1   | Entered Level 1 of the Lair of Beasts
 15788 | Lair:1   | Noticed a seven-headed hydra
 15997 | Lair:1   | Found a labyrinth entrance.
 16005 | Lab      | Entered a labyrinth
 16133 | Lab      | Noticed a minotaur
 16180 | Lab      | Killed a minotaur
 16180 | Lab      | Reached skill level 9 in Necromancy
 16231 | Lab      | Got an ancient ring mail
 16231 | Lab      | Got an encrusted plate armour
 16262 | Lab      | Identified the +1 ring mail of Wu Jian's Esteem {*Slow +Blink +Inv Dex-3} (You found it in a labyrinth)
 16979 | Lair:1   | Reached **** piety under Kikubaaqudgha
 17239 | Lair:2   | Reached XP level 12. HP: 66/76 MP: 16/22
 17246 | Lair:2   | Reached skill level 10 in Necromancy
 17327 | Lair:2   | Noticed KristoblXynda's ghost (journeyman DrBe)
 17726 | Lair:2   | Noticed Sonja
 17953 | D:8      | Identified the +6 plate armour of Nouhiesea {rElec Int+3} (You found it in a labyrinth)
 18173 | D:11     | Noticed Erica
 18220 | D:11     | Noticed a seven-headed hydra
 18367 | D:11     | Noticed Harold
 18381 | D:11     | Killed Harold
 18402 | D:11     | Noticed a two-headed ogre
 18411 | D:11     | Killed a two-headed ogre
 18493 | D:11     | Noticed Grum
 18504 | D:11     | Killed Grum
 18542 | D:11     | Killed a seven-headed hydra
 18924 | D:11     | Killed Erica
 19022 | Orc:1    | Entered Level 1 of the Orcish Mines
 19022 | Orc:1    | Noticed a stone giant
 19136 | Lair:1   | Killed a seven-headed hydra
 19243 | Lair:2   | Killed Sonja
 19323 | Lair:2   | Reached ***** piety under Kikubaaqudgha
 19447 | Lair:2   | Reached skill level 10 in Fighting
 20002 | Lair:3   | Found the +8 orange crystal plate armour {Archmagi, Int+3 Clar}
 20320 | Lair:3   | Found a staircase to the Swamp.
 20600 | Lair:3   | Reached skill level 10 in Short Blades
 20687 | Lair:3   | Reached XP level 13. HP: 59/83 MP: 23/23
 21238 | Lair:4   | Found a hole to the Spider Nest.
 21315 | Lair:4   | Reached skill level 10 in Dodging
 23242 | Lair:5   | Found a staircase to the Slime Pits.
 23941 | Lair:6   | Entered Level 6 of the Lair of Beasts
 25579 | Lair:6   | Gained mutation: You can fly continuously. [Tengu growth]
 25579 | Lair:6   | Reached XP level 14. HP: 65/92 MP: 21/26
 26748 | Lair:6   | Found a burning altar of Makhleb.
 26764 | Lair:6   | Found a gateway to Hell.
 27097 | D:8      | Learned a level 6 spell: Simulacrum
 27509 | D:12     | Noticed Frances
 27524 | D:11     | Killed Frances
 27524 | D:11     | Reached skill level 1 in Ice Magic
 27700 | D:12     | Noticed Nergalle
 27712 | D:12     | Killed Nergalle
 28048 | D:12     | Reached ****** piety under Kikubaaqudgha
 28505 | D:13     | Found Famumoywu's General Store.
 29359 | D:14     | Reached skill level 11 in Necromancy
 29364 | D:14     | Found a gate to the Vaults.
 29625 | D:14     | Found a frozen archway.
 29652 | D:14     | Reached skill level 5 in Ice Magic
 29695 | IceCv    | Entered an ice cave
 29713 | IceCv    | Found a transporter.
 29757 | IceCv    | Reached skill level 12 in Necromancy
 29806 | IceCv    | Got a slimy dire flail
 30381 | D:15     | Entered Level 15 of the Dungeon
 30670 | D:15     | Found a portal to a secret trove of treasure.
 30856 | D:15     | Found a staircase to the Depths.
 31508 | D:15     | Reached XP level 15. HP: 73/96 MP: 29/29
 32648 | D:8      | Received a gift from Kikubaaqudgha
 32661 | D:8      | Learned a level 7 spell: Haunt
 33311 | Orc:1    | Noticed an orc warlord
 33333 | Orc:1    | Killed an orc warlord
 33952 | Orc:2    | Entered Level 2 of the Orcish Mines
 34096 | Orc:2    | Found a staircase to the Elven Halls.
 34863 | Orc:2    | Reached skill level 13 in Necromancy
 35360 | Orc:2    | Found Zeawacleumm's Book Boutique.
 35360 | Orc:2    | Found Opaaloi's Weapon Boutique.
 35361 | Orc:2    | Found Ciasoufoj's Antique Weapon Shop.
 35366 | Orc:2    | Found Unonti's Assorted Antiques.
 35398 | Orc:2    | Bought a scroll of identify for 56 gold pieces
 35398 | Orc:2    | Bought a serpentine pewter ring for 140 gold pieces
 35398 | Orc:2    | Identified the cursed ring "Uraren" {+Inv rC+ Int-3 Dex+5} (You bought it in a shop on level 2 of the Orcish Mines)
 36145 | Swamp:1  | Entered Level 1 of the Swamp
 37382 | Swamp:1  | Found Okif's Island Escapes.
 37389 | Swamp:1  | Bought a scroll of fog for 22 gold pieces
 37389 | Swamp:1  | Bought a scroll of blinking for 82 gold pieces
 37389 | Swamp:1  | Bought a scroll of blinking for 82 gold pieces
 38084 | Spider:1 | Entered Level 1 of the Spider Nest
 38927 | Elf:1    | Entered Level 1 of the Elven Halls
 39219 | Elf:1    | Reached skill level 1 in Shields
 40435 | Elf:1    | Noticed a deep elf sorcerer
 40439 | Elf:1    | Reached skill level 14 in Necromancy
 40443 | Elf:1    | Killed a deep elf sorcerer
 40481 | Elf:1    | Found Jusoppou's Antique Weapon Emporium.
 40585 | Elf:1    | Noticed an orc warlord
 40956 | Elf:1    | Killed an orc warlord
 41014 | Elf:2    | Reached XP level 16. HP: 51/101 MP: 26/30
 41044 | Elf:2    | Shot with an arrow by a deep elf archer

Vault maps used:
D:1:      minmay_arrival_open_corners, minmay_unequal
D:2:      chequers_ecumenical_altar_island
D:3:      first_bread, uniq_robin
D:4:      uniq_purgy, uniq_menkaure, uniq_eustachio
D:5:      grunt_ministairs_5, uniq_crazy_yiuf_cottage, uniq_edmund,
          uniq_blork_the_orc
D:6:      minmay_temple_entry_overgrown
D:7:      minmay_flawed_box, dk_vineyard_2, minivault_19, grunt_livestock,
          uniq_duvessa, uniq_prince_ribbit1
D:8:      david_lair_generic, uniq_psyche, uniq_gastronok
D:9:      kennysheep_little_box, grunt_decor_cap
D:10:     david_orc_4, uniq_fannar
D:11:     uniq_grum, uniq_harold, uniq_erica
D:12:     uniq_nergalle, uniq_frances
D:13:     serial_shops, shop
D:14:     erik_vaults_2, serial_glass, glass_columns_a, glass_columns_a,
          portal_ice_cave_entry_animals_and_master
D:15:     gammafunk_depths_entry_grave, nicolae_trove_entry_free_sample,
          minivault_25, minivault_26
Temple:   kilobyte_greek_temple
Lair:1:   lab_entry_generic
Lair:2:   uniq_sonja
Lair:3:   swamp_mist, nicolae_quartered_pool_super
Lair:4:   beast_lair_carwin_large_2, spider_nest_entry_web_field, pond
Lair:5:   slime_dummy, grunt_megastairs_5, infiniplex_staircase_pool
Lair:6:   evil_forest, lemuel_fruit_tree, infiniplex_staircase_pool_2
Swamp:1:  serial_swamp_ruin, evilmike_swamp_ruin_house_4,
          evilmike_swamp_ruin_house_3, swamp_pool2, nicolae_island_escapes
Swamp:2:  evilmike_swamp_ruin_house_6
Spider:1: hangedman_spider_tarantella_strand
Orc:2:    st_orc_mages, nicolae_orc_crystal_geode
Elf:1:    minmay_elf_arrival_summoners, serial_shops, nicolae_shop_trees,
          special_room, hangedman_elf_disciples
Elf:2:    uniq_louise
IceCv:    ice_cave_statue_garden_teleport

Skill      XL: |  1  2  3  4  5  6  7  8  9 10 11 12 13 14 15 |
---------------+----------------------------------------------+-----
Summonings     | 5 6 7 8 10 12 | 12.0
Spellcasting   | 3 4 5 6 7 9 |  9.8
Short Blades   | 2 3 4 6 7 10 | 10.0
Air Magic      | 1 3 4 5 |  5.0
Fighting       | 2 4 7 9 10 12 | 12.0
Dodging        | 4 5 7 9 12 | 12.0
Necromancy     | 2 6 9 10 12 14 | 14.2
Stealth        | 3 |  3.0
Ice Magic      | 7 |  7.0
Shields        | 3 |  3.7

Action                   |  1- 3 |  4- 6 |  7- 9 | 10-12 | 13-15 | 16-18 || total
-------------------------+-------+-------+-------+-------+-------+-------++-------
Melee: Unarmed           |     7 |       |       |       |       |       ||     7
       Dagger            |    33 |       |    30 |   288 |  1408 |       ||  1759
       Peck              |     8 |     8 |    54 |   129 |   297 |       ||   496
       Kick              |    12 |    14 |    79 |   180 |   435 |       ||   720
       Short sword       |    23 |    62 |   351 |   393 |    82 |       ||   911
 Cast: Summon Small Mamm |    17 |     8 |       |       |       |       ||    25
       Call Canine Famil |     2 |     7 |    10 |    40 |    53 |     1 ||   113
       Summon Lightning  |       |     5 |    20 |    56 |    70 |     1 ||   152
       Call Imp          |       |     3 |     6 |    15 |    10 |       ||    34
       Animate Dead      |       |       |       |    27 |    85 |       ||   112
       Summon Ice Beast  |       |       |       |    25 |    68 |     2 ||    95
       Simulacrum        |       |       |       |       |     5 |       ||     5
       Haunt             |       |       |       |       |    61 |     1 ||    62
Invok: Receive Corpses   |       |       |       |     1 |     7 |       ||     8
       Receive Necronomi |       |       |       |       |     1 |       ||     1
 Abil: Fly               |       |     1 |     1 |    11 |     4 |       ||    17
Evoke: Wand              |       |       |       |       |    12 |       ||    12
       Phial of floods   |       |       |       |       |     1 |       ||     1
  Use: Potion            |       |     2 |       |     2 |    10 |     1 ||    15
       Scroll            |       |     1 |     4 |    21 |    22 |       ||    48
 Stab: Sleeping          |     8 |     5 |    18 |    10 |     9 |       ||    50
       Distracted        |     1 |       |     2 |     9 |    20 |       ||    32
       Invisible         |       |       |       |       |     8 |       ||     8
       Confused          |       |       |       |       |     2 |       ||     2
  Eat: Chunk             |     1 |     8 |    22 |    38 |    47 |     1 ||   117
       Fruit             |       |     3 |       |    15 |    26 |       ||    44
       Royal jelly       |       |       |       |       |     8 |       ||     8
       Bread ration      |       |       |       |       |     1 |       ||     1
       Meat ration       |       |       |       |       |     5 |       ||     5
Armor: Robe              |     3 |    10 |    20 |    18 |   116 |       ||   167
       Leather armour    |       |       |       |   108 |    62 |       ||   170
Dodge: Dodged            |    38 |    28 |   176 |   324 |  1122 |       ||  1688
Block: Buckler           |       |       |       |       |     4 |       ||     4

Table legend:
 A = Spawn XP
 B = Non-spawn XP
 C = Spawn XP percentage of total XP
 D = Spawn monster count
 E = Non-spawn monster count
 F = Spawn count percentage of total count
 G = Total turns spent on level
                    A         B        C        D         E        F      G
               +---------+---------+-------+---------+---------+-------+---------
         Total |       0 |  129223 |   0.0 |       0 |     841 |   0.0 | 41044
               +---------+---------+-------+---------+---------+-------+---------
           D:1 |       0 |      32 |   0.0 |       0 |      19 |   0.0 |   677
           D:2 |       0 |      59 |   0.0 |       0 |      20 |   0.0 |  1155
           D:3 |       0 |     256 |   0.0 |       0 |      33 |   0.0 |  1439
           D:4 |       0 |     693 |   0.0 |       0 |      17 |   0.0 |  2022
           D:5 |       0 |    1067 |   0.0 |       0 |      24 |   0.0 |  1495
           D:6 |       0 |     470 |   0.0 |       0 |      23 |   0.0 |   890
           D:7 |       0 |    2622 |   0.0 |       0 |      51 |   0.0 |  2526
           D:8 |       0 |    3548 |   0.0 |       0 |      30 |   0.0 |  2863
           D:9 |       0 |    2042 |   0.0 |       0 |      30 |   0.0 |  1654
          D:10 |       0 |    4304 |   0.0 |       0 |      49 |   0.0 |  2050
          D:11 |       0 |    5608 |   0.0 |       0 |      30 |   0.0 |   878
          D:12 |       0 |    3698 |   0.0 |       0 |      21 |   0.0 |   735
          D:13 |       0 |    3832 |   0.0 |       0 |      21 |   0.0 |   915
          D:14 |       0 |   12009 |   0.0 |       0 |      38 |   0.0 |  1122
          D:15 |       0 |    8136 |   0.0 |       0 |      27 |   0.0 |  1926
        Lair:1 |       0 |    2433 |   0.0 |       0 |      15 |   0.0 |  1850
        Lair:2 |       0 |    5323 |   0.0 |       0 |      27 |   0.0 |  1235
        Lair:3 |       0 |    5727 |   0.0 |       0 |      24 |   0.0 |  1248
        Lair:4 |       0 |    5658 |   0.0 |       0 |      31 |   0.0 |  2510
        Lair:5 |       0 |    1934 |   0.0 |       0 |      11 |   0.0 |  1077
        Lair:6 |       0 |   18280 |   0.0 |       0 |      85 |   0.0 |  2941
       Swamp:1 |       0 |    9681 |   0.0 |       0 |      35 |   0.0 |  1721
       Swamp:2 |       0 |     228 |   0.0 |       0 |       1 |   0.0 |    27
      Spider:1 |       0 |     729 |   0.0 |       0 |       3 |   0.0 |    41
         Orc:1 |       0 |    5463 |   0.0 |       0 |      44 |   0.0 |  1960
         Orc:2 |       0 |    6512 |   0.0 |       0 |      77 |   0.0 |  1494
         Elf:1 |       0 |   15815 |   0.0 |       0 |      42 |   0.0 |  1789
         Elf:2 |       0 |     899 |   0.0 |       0 |       2 |   0.0 |    64
           Lab |       0 |     523 |   0.0 |       0 |       1 |   0.0 |   279
         IceCv |       0 |    1642 |   0.0 |       0 |      10 |   0.0 |   314
               +---------+---------+-------+---------+---------+-------+---------
